 Dungeon Crawl Stone Soup version 0.27-a0-1200-g94dc6ad4cf (webtiles) character file.

Game seed: 16254479159211530687

114 Ancestrald the Slasher (level 4, 0/41 HPs)
             Began as a Minotaur Monk on May 31, 2021.
             Was an Elder of Sif Muna.
             Slain by an orc
             ... wielding a +1 hand axe of electrocution
              (5 damage)
             ... on level 4 of the Dungeon.
             The game lasted 00:18:38 (3035 turns).

Ancestrald the Slasher (Minotaur Monk)              Turns: 3035, Time: 00:18:46

Health: 0/41       AC:  2    Str: 16    XL:     4   Next: 66%
Magic:  3/3        EV: 10    Int:  7    God:    Sif Muna [****..]
Gold:   148        SH:  7    Dex: 13    Spells: 3/3 levels left

rFire    . . .     SeeInvis .   a - +0 falchion
rCold    . . .     Faith    .   x - +0 kite shield
rNeg     . . .     Spirit   .   b - +0 robe
rPois    .         Reflect  .   (helmet restricted)
rElec    .         Harm     .   (no cloak)
rCorr    .         Rampage  .   (no gloves)
Will     .....                  (no boots)
Stlth    ++........             (no amulet)
HPRegen  0.13/turn              (no ring)
MPRegen  0.08/turn              (no ring)

@: about to teleport
A: horns 2, retaliatory headbutt
a: Renounce Religion, Channel Magic, Forget Spell, Divine Exegesis


You were on level 4 of the Dungeon.
You worshipped Sif Muna.
Sif Muna was greatly pleased with you.
You visited 1 branch of the dungeon, and saw 4 of its levels.

You collected 148 gold pieces.

Inventory:

Hand Weapons
 a - a +0 falchion (weapon)
 d - a +0 club
 f - a +0 short sword
 g - a +0 club
 i - a +0 club
 l - a +0 club
 n - a +0 dagger
 p - a +0 spear
 r - a +0 dagger
 t - a +0 dagger
 u - a +0 dagger
 w - a +0 club
 y - a +0 short sword
 z - a +0 club
 A - a +0 short sword
 B - a +0 club
 G - a +0 club
 J - a +0 hand axe
 K - a +0 dagger
 L - a +0 quarterstaff
 N - a +0 club
 O - a +0 flail
Missiles
 c - 101 stones (quivered)
 s - 44 bolts
 C - a large rock
 H - 7 poisoned darts
Armour
 b - a +0 robe (worn)
 o - a +0 ring mail
 v - a +0 leather armour
 x - a +0 kite shield (worn)
 D - a +0 leather armour
 E - a +0 leather armour
 M - a +0 kite shield
 P - a +0 ring mail
Scrolls
 e - 2 scrolls of vulnerability
 h - a scroll of magic mapping
 q - a scroll of immolation {unknown}
 F - a scroll of teleportation
Potions
 j - 2 potions of heal wounds {unknown}
 k - 2 potions of mutation {unknown}
 m - a potion of lignification {unknown}
 I - a potion of magic {unknown}


   Skills:
 + Level 4.5 Fighting
 + Level 4.8 Long Blades
 + Level 4.1 Dodging
 + Level 2.2 Stealth


You had 3 spell levels left.
You didn't know any spells.
Your spell library was empty.

Dungeon Overview and Level Annotations

Branches:
Dungeon (4/15)
 Temple: D:4-7

Altars:
Sif Muna
Vehumet


Innate Abilities, Weirdness & Mutations

You have a pair of horns on your head.
You reflexively headbutt those who attack you in melee.


Message History

Found a stone staircase leading down.
No target in view!
An orc comes into view. It is wielding a +0 morningstar.
The orc shouts!
An orc comes into view.
It is wielding a +1 hand axe of electrocution.
An orc comes into view. It is wielding a +0 dagger.
The orc shouts!
You hear a shout!
An orc priest comes into view. It is wielding a +0 short sword.
You block the orc's attack.
You hit the orc. You headbutt the orc.
The orc is moderately wounded.
The orc priest calls down the wrath of Beogh upon you.
Beogh smites you!
You hit the orc.
The orc is moderately wounded.
The orc hits you with a +0 dagger. The orc misses you.
You riposte.
You closely miss the orc. The orc closely misses you.
You hit the orc.
The orc is severely wounded.
You block the orc's attack.
The orc hits you with a +1 hand axe of electrocution.
You are too injured to fight recklessly!
You are too injured to fight recklessly!
You are too injured to fight recklessly!
Your shield prevents you from hitting the orc.
You headbutt the orc.
You kill the orc!
Sif Muna accepts your kill.
The orc hits you with a +1 hand axe of electrocution!
The orc hits you with a +0 dagger.
* * * LOW HITPOINT WARNING * * *
The orc hits you with a +1 hand axe of electrocution.
* * * LOW HITPOINT WARNING * * *
As you read the scroll labelled TAOREB ACKODAZ, it crumbles to dust.
You feel strangely unstable.
It was a scroll of teleportation.
The orc priest hits you with a +0 short sword.
* * * LOW HITPOINT WARNING * * *
You block the orc's attack.
The orc hits you with a +1 hand axe of electrocution.
You die...

.............+..........>+
............##...........#
.†..........##............
...........>##...#####.##.
..........#......# .#
..........#......# #
..........#......##
..........#.......#
#+###.#####....)@o# #..
#.....oo# ##.. #####...#
#...# #...# ..... ##.....
##.... ##...#


You could see an orc priest and 2 orcs.

Vanquished Creatures
  3 adders
  An adder skeleton (D:4)
  A worm (D:3)
  A dart slug (D:3)
  5 orcs
  7 endoplasms
  5 giant cockroaches
  5 goblins
  3 hobgoblins (D:2)
  2 jackals (D:2)
  8 kobolds
  5 quokkas
  6 ball pythons
  6 bats
  2 frilled lizards (D:1)
  11 rats
71 creatures vanquished.

Vanquished Creatures (others)
  2 plants (D:1)
2 creatures vanquished.

Grand Total: 73 creatures vanquished

Notes
Turn   | Place    | Note
-------+----------+-------------------------------------------
     0 | D:1      | Ancestrald the Minotaur Monk began the quest for the Orb.
     0 | D:1      | Reached XP level 1. HP: 19/19 MP: 0/0
    38 | D:1      | Found a faded altar of an unknown god.
    85 | D:1      | Became a worshipper of Sif Muna the Loreminder
    85 | D:1      | Reached * piety under Sif Muna
    85 | D:1      | Reached ** piety under Sif Muna
   257 | D:1      | Reached *** piety under Sif Muna
   264 | D:1      | Reached XP level 2. HP: 25/27 MP: 1/1
   893 | D:2      | Reached XP level 3. HP: 32/33 MP: 2/2
  1932 | D:2      | Reached XP level 4. HP: 40/41 MP: 3/3
  2131 | D:3      | Found a radiant altar of Vehumet.
  2140 | D:3      | Reached **** piety under Sif Muna
  3035 | D:4      | Slain by an orc

Illustrated notes

Levels and vault maps discovered:
D:1:      lightli_arrival_windingriver, layout_basic, basic_ecumenical_altar
D:2:      layout_basic, hangedman_decor_clover_reticule, guppyfry_early_orc_mine
D:3:      layout_loops_cross, lemuel_doored_altar
D:4:      layout_basic, kennysheep_mini, kennysheep_little_box, enter_ossuary_4,
          minmay_misc_feat_roman, kennysheep_donut

Skill      XL: |  1  2  3  4 |
---------------+-------------+-----
Long Blades    | 4 |  4.8
Fighting       | 4 |  4.5
Stealth        | 2 |  2.2
Dodging        | 4 |  4.1

Action                   |  1- 3 |  4- 6 || total
-------------------------+-------+-------++-------
Melee: Falchion          |    89 |    41 ||   130
       Headbutt          |    12 |    12 ||    24
  Use: Scroll            |     2 |     1 ||     3
 Stab: Sleeping          |     6 |     1 ||     7
Armor: Robe              |    12 |     9 ||    21
Dodge: Dodged            |    61 |    16 ||    77
Block: Kite shield       |       |    13 ||    13
       Rpst.: Falchion   |    14 |     5 ||    19

Table legend: (Time is in decaauts)
 A = Elapsed time spent in this place.
 B = Non-inter-level travel time spent in this place.
 C = Inter-level travel time spent in this place.
 D = Time resting spent in this place.
 E = Time spent auto-exploring this place.
 F = Levels seen in this place.
 G = Mean time per level.
                   A        B        C        D        E       F      G
               +--------+--------+--------+--------+--------+-----+--------+
         Total |   3062 |   2836 |    226 |    251 |   1732 |   4 |  765.5 |
       Dungeon |   3062 |   2836 |    226 |    251 |   1732 |   4 |  765.5 |
               +--------+--------+--------+--------+--------+-----+--------+

Top non-repeatable levels by time:
     D:2: 1237 daAuts
     D:1: 888 daAuts
     D:3: 848 daAuts
     D:4: 87 daAuts
